Map: Pylon LE

Players

Sword - Winner!

  • Race: Terran Terran
  • League: Master
  • Spawn Location: 11:00

CristianoX

  • Race: Protoss Protoss
  • League: Master
  • Spawn Location: 5:00

VOD

Have the link to the VOD?

Description

Time

  • Played on: July 27, 2025, 9:35 p.m.
  • Length: 6:14
Show
View Real Time Build Order
Export as new Build Order

Sword Terran - Winner!

Build Orders: Reaper Expand 

Get SALT Encoding   

  12  0:01  SCV  
  13  0:14  SCV  
  14  0:17  Supply Depot  
  14  0:26  SCV  
  15  0:39  SCV  
  15  0:41  Barracks  
  16  0:44  Refinery  
  16  0:51  SCV  
  17  1:03  SCV  
  18  1:15  SCV  
  19  1:28  Orbital Command, Reaper  
  20  1:42  Command Center  
  20  1:53  SCV  
  21  2:03  Barracks  
  21  2:05  Barracks Reactor  
  21  2:06  SCV  
  22  2:14  Supply Depot  
  22  2:18  SCV  
  23  2:28  Barracks  
  23  2:35  SCV  
  24  2:41  Marine x2  
  26  2:49  SCV  
  26  2:50  Barracks  
  26  2:54  Barracks, Barracks Tech Lab  
  26  3:02  Orbital Command  
  26  3:10  Marine x2  
  26  3:12  SCV  
  29  3:16  Marauder  
  29  3:19  Barracks Tech Lab  
  31  3:25  Stimpack  
  31  3:28  Marine x2  
  31  3:31  SCV  
  31  3:33  SCV  
  35  3:38  Barracks Tech Lab  
  35  3:40  Barracks Reactor  
  35  3:41  Concussive Shells  
  35  3:43  SCV  
  35  3:45  Marine, SCV  
  38  3:48  Marine x2  
  38  3:53  Supply Depot  
  42  4:01  SCV  
  45  4:03  SCV  
  45  4:05  Marine  
  45  4:08  Marauder, Marine  
  46  4:13  Supply Depot  
  46  4:15  Marauder, Marine  
  49  4:17  Supply Depot, SCV  
  49  4:18  SCV  
  49  4:19  Marine  
  49  4:21  Marine  
  53  4:34  Marine x2  
  53  4:35  Marauder x2  
  53  4:37  Marauder  
  61  4:41  Supply Depot  
  61  4:44  Marine x2  
  63  4:47  SCV  
  63  4:48  SCV  
  63  4:49  Supply Depot  
  65  4:52  Marine x2  
  65  4:56  Marauder  
  70  5:00  SCV  
  70  5:03  Supply Depot, Marauder x2  
  70  5:06  Supply Depot, SCV  
  75  5:11  Marine x2  
  77  5:16  SCV  
  77  5:17  Marauder  
  77  5:18  SCV  
  79  5:25  Marauder, Marine x3  
  81  5:28  Marine  
  81  5:34  Marine  
  73  5:39  Marauder  
  71  5:42  Marine  
  71  5:43  Marauder, Marine  
  71  5:46  Marine  
  71  5:47  Marauder  
  75  5:54  Marine  
Show
View Real Time Build Order
Export as new Build Order

CristianoX Protoss 

Build Orders: 1 Gate Expand, Double Forge, Blink Stalkers 

Get SALT Encoding   

  12  0:00  Probe  
  13  0:12  Probe  
  14  0:20  Pylon  
  14  0:24  Probe  
  15  0:34  Probe  
  15  0:40  Gateway  
  15  0:42  Probe  
  17  0:52  Assimilator  
  17  0:53  Probe  
  18  1:05  Probe  
  19  1:17  Probe  
  20  1:30  Cybernetics Core, Probe  
  21  1:36  Nexus  
  21  1:46  Probe  
  22  1:47  Pylon  
  22  2:01  Probe  
  22  2:02  Assimilator, Stalker  
  23  2:13  Probe  
  23  2:14  Warp Gate  
  26  2:26  Probe  
  27  2:34  Stalker  
  29  2:39  Probe  
  30  2:46  Probe  
  30  2:47  Probe  
  32  2:54  Probe  
  32  2:55  Probe  
  32  2:57  Twilight Council  
  32  3:04  Probe  
  32  3:05  Probe  
  36  3:15  Pylon  
  36  3:16  Probe  
  36  3:17  Probe  
  38  3:20  Blink  
  38  3:28  Probe  
  38  3:29  Probe  
  40  3:35  Gateway  
  40  3:38  Robotics Facility  
  40  3:40  Probe  
  41  3:41  Probe  
  41  3:44  Shield Battery  
  41  3:45  Assimilator  
  41  3:48  Pylon  
  42  3:52  Probe  
  42  3:53  Probe  
  44  4:06  Probe x2  
  44  4:09  Stalker  
  48  4:27  Gateway  
  48  4:28  Gateway, Pylon  
  48  4:29  Observer, Forge  
  48  4:30  Stalker, Forge  
  51  4:32  Stalker  
  53  4:43  Probe  
  54  4:45  Pylon  
  54  4:49  Observer  
  55  4:57  Stalker x2  
  55  4:59  Pylon  
  59  5:10  Nexus  
  59  5:13  Probe x2  
  57  5:24  Stalker x3  
  51  5:45  Stalker  
  48  5:55  Probe x2  
  45  5:59  Stalker x2  
Tags
 
Add a new tag
Caveats
  • Supply blocks, unpowered buildings, or Contaminate may cause inaccurate times.
  • Supply counts are checked every 10 seconds.